 Dungeon Crawl Stone Soup version 0.29.0-11-gd7f09526c8 (webtiles) character file.

Game seed: 10927686927097210650

142 RKaid the Shooter (level 5, 0/31 HPs)
             Began as a Deep Elf Hunter on Sept 3, 2022.
             Slain by an adder (1 damage)
             ... on level 2 of the Dungeon.
             The game lasted 00:02:24 (1164 turns).

RKaid the Shooter (Deep Elf Hunter)                 Turns: 1164, Time: 00:02:24

Health: 0/31       AC:  3    Str:  8    XL:     5   Next: 4%
Magic:  7/7        EV: 13    Int: 14    God:
Gold:   23         SH:  0    Dex: 20    Spells: 4/4 levels left

rFire   . . .      SeeInvis .   a - +0 shortbow
rCold   . . .      Faith    .   (shield currently unavailable)
rNeg    . . .      Spirit   .   c - +0 leather armour
rPois   .          Reflect  .   (no helmet)
rElec   .          Harm     .   (no cloak)
rCorr   .          Rampage  .   (no gloves)
Will    .....                   (no boots)
Stlth   ++........              (no amulet)
HPRegen 0.10/turn               (no ring)
MPRegen 0.10/turn               (no ring)

@: brilliant, lethally poisoned (0 -> -9)
A: no striking features
a: no special abilities


You were on level 2 of the Dungeon.
You visited 1 branch of the dungeon, and saw 2 of its levels.

You collected 23 gold pieces.

Inventory:

Hand Weapons
 a - a +0 shortbow (weapon)
Armour
 c - a +0 leather armour (worn)
Jewellery
 e - a ring of flight {+Fly}
   (You found it on level 1 of the Dungeon)
Scrolls
 b - a scroll of immolation {!r}
 h - a scroll of teleportation {unknown}
 i - a scroll of poison {unknown}
 j - a scroll of fog {unknown}


   Skills:
 + Level 2.5 Fighting
 * Level 7.0 Ranged Weapons
 + Level 3.7 Dodging
 - Level 1.2 Stealth


You had 4 spell levels left.
You didn't know any spells.
Your spell library was empty.

Dungeon Overview and Level Annotations

Branches:
Dungeon (2/15)

Altars:


Message History

Press: ? - help, Q - select action Shift-Dir - straight line, f/p - dart slug
Aim: a dart slug (severely wounded, 94% to hit)
You shoot an arrow. The arrow hits the dart slug.
The dart slug barely misses you.
Fire: a) +0 shortbow
Press: ? - help, Q - select action Shift-Dir - straight line, f/p - dart slug
Aim: a dart slug (almost dead, 94% to hit)
You shoot an arrow. The arrow hits the dart slug.
You kill the dart slug!
You feel yourself speed up.
Your extra speed is starting to run out.
Natasha, Servant of Life and Death comes into view.
You shoot an arrow. The arrow hits Natasha.
You shoot an arrow. The arrow hits Natasha.
You shoot an arrow. The arrow barely misses Natasha.
You feel yourself slow down.
You shoot an arrow. The arrow hits Natasha!
You kill Natasha!
Natasha yowls pathetically as she dies!
You start resting.
You see here a dart slug corpse.
A giant cockroach comes into view.
A giant cockroach is nearby!
You shoot an arrow.
The arrow closely misses the giant cockroach.
You shoot an arrow. The arrow hits the giant cockroach.
You kill the giant cockroach!
No target in view!
No target in view!
A rat comes into view.
You shoot an arrow. The arrow hits the rat.
You kill the rat!
No target in view!
No target in view!
No target in view!
No target in view!
Natasha, Servant of Life and Death comes into view.
Natasha hisses angrily.
Natasha stares at you and mumbles some strange words.
The magic dart hits you.
You shoot an arrow. The arrow hits Natasha!
Natasha stares at you and mumbles some strange words.
You feel yourself slow down.
You shoot an arrow. The arrow hits Natasha!
You kill Natasha!
You feel Natasha's spirit has finally been put to rest.
An endoplasm comes into view.
Your Ranged Weapons skill increases to level 7!
You have reached level 5!
You shoot an arrow. The arrow hits the endoplasm.
You kill the endoplasm!
No target in view!
No target in view!
Found a long sword.
Found a stone staircase leading up.
An adder comes into view.
The adder hisses angrily.
You shoot an arrow. The arrow closely misses the adder.
The adder bites you.
You shoot an arrow. The arrow hits the adder.
The adder barely misses you. The adder bites you.
You are poisoned.
The adder poisons you!
You shoot an arrow.
The arrow hits the adder but does no damage.
You feel very sick. The adder misses you. The adder bites you. x2
You are too injured to fight recklessly!
You are too injured to fight recklessly!
You are too injured to fight recklessly!
You are too injured to fight recklessly!
Fire: a) +0 shortbow
Press: ? - help, Q - select action Shift-Dir - straight line, f/p - adder
Aim: an adder (heavily wounded, 51% to hit)
You shoot an arrow.
The arrow hits the adder but does no damage.
You feel yourself speed up.
You feel sick. The adder bites you.
You are more poisoned.
The adder poisons you! The adder barely misses you.
Fire: a) +0 shortbow
Press: ? - help, Q - select action Shift-Dir - straight line, f/p - adder
Aim: an adder (heavily wounded, 51% to hit)
You shoot an arrow. The arrow closely misses the adder.
You feel very sick. The adder closely misses you. The adder bites you.
* * * LOW HITPOINT WARNING * * *
Fire: a) +0 shortbow
Press: ? - help, Q - select action Shift-Dir - straight line, f/p - adder
Aim: an adder (heavily wounded, 51% to hit)
You shoot an arrow. The arrow hits the adder.
* * * LOW HITPOINT WARNING * * *
You feel sick. The adder bites you.
* * * LOW HITPOINT WARNING * * *
You are more poisoned.
The adder poisons you!
It was a potion of brilliance.
You feel clever all of a sudden.
* * * LOW HITPOINT WARNING * * *
You feel very sick. The adder barely misses you. The adder bites you.
You die...

..†...................
......................
........##.##........
........##.###...)...
........##.#.........
.............#..>†...
....[................
.....†...............
.......@.............
......S!.............
.............!.
...............
.)....<........
..............#
#.....##......? ######
###.###


You could see an adder.

Vanquished Creatures
  Jessica (D:2)
  Natasha (thrice) (D:2)
  5 dart slugs
  2 bats
  5 endoplasms
  A giant cockroach (D:2)
  2 goblins
  3 hobgoblins
  A quokka (D:1)
  2 ball pythons
  A frilled lizard (D:2)
  4 kobolds
  6 rats
36 creatures vanquished.

Vanquished Creatures (others)
  A demonic plant (D:2)
  3 plants (D:1)
4 creatures vanquished.

Grand Total: 40 creatures vanquished

Notes
Turn   | Place    | Note
-------+----------+-------------------------------------------
     0 | D:1      | RKaid the Deep Elf Hunter began the quest for the Orb.
     0 | D:1      | Reached XP level 1. HP: 12/12 MP: 3/3
   255 | D:1      | Reached XP level 2. HP: 11/17 MP: 4/4
   886 | D:2      | Reached skill level 6 in Ranged Weapons
   887 | D:2      | Reached skill level 3 in Dodging
   891 | D:2      | Reached skill level 2 in Fighting
   891 | D:2      | Reached XP level 3. HP: 18/21 MP: 5/5
   980 | D:2      | Noticed Jessica
   983 | D:2      | Killed Jessica
   987 | D:2      | Noticed Natasha
  1001 | D:2      | HP: 2/21 [Natasha (7)]
  1006 | D:2      | Killed Natasha
  1007 | D:2      | Reached XP level 4. HP: 15/26 MP: 6/6
  1033 | D:2      | Noticed Natasha
  1037 | D:2      | Killed Natasha
  1148 | D:2      | Noticed Natasha
  1150 | D:2      | Killed Natasha
  1151 | D:2      | Reached skill level 7 in Ranged Weapons
  1151 | D:2      | Reached XP level 5. HP: 25/31 MP: 7/7
  1163 | D:2      | HP: 7/31 [poisoned by an adder]
  1164 | D:2      | HP: 1/31 [poisoned by an adder]
  1164 | D:2      | Slain by an adder

Illustrated notes

Levels and vault maps discovered:
D:1:      roderic_crop_circles_arrival_large, layout_basic,
          minmay_misc_feat_nine_boxes, hex_large
D:2:      layout_rooms, dreamdust_ecumenical_altar_sealed_demon, uniq_jessica,
          uniq_crazy_yiuf_cottage, uniq_terence, uniq_natasha

Skill      XL: |  1  2  3  4 |
---------------+-------------+-----
Ranged Weapons | 6 7 |  7.0
Dodging        | 3 |  3.7
Fighting       | 2 |  2.5
Stealth        | |  1.2

Action                   |  1- 3 |  4- 6 || total
-------------------------+-------+-------++-------
 Fire: Shortbow          |    88 |    19 ||   107
  Use: Potion            |     2 |     1 ||     3
Armor: Leather armour    |     8 |       ||     8
Dodge: Dodged            |    28 |     6 ||    34

Table legend: (Time is in decaauts)
 A = Elapsed time spent in this place.
 B = Non-inter-level travel time spent in this place.
 C = Inter-level travel time spent in this place.
 D = Time resting spent in this place.
 E = Time spent auto-exploring this place.
 F = Levels seen in this place.
 G = Mean time per level.
                   A        B        C        D        E       F      G
               +--------+--------+--------+--------+--------+-----+--------+
         Total |   1194 |   1194 |      0 |    285 |    657 |   2 |  597.0 |
       Dungeon |   1194 |   1194 |      0 |    285 |    657 |   2 |  597.0 |
               +--------+--------+--------+--------+--------+-----+--------+

Top non-repeatable levels by time:
     D:1: 894 daAuts
     D:2: 300 daAuts

Table legend:
 A = Kills in this place as a percentage of kills in entire the game.
 B = Kills by you in this place as a percentage of kills by you in the entire game.
 C = Kills by friends in this place as a percentage of kills by friends in the entire game.
 D = Other kills in this place as a percentage of other kills in the entire game.
 E = Experience gained in this place as a percentage of experience gained in the entire game.
 F = Experience gained in this place divided by the number of levels of this place that you have seen.
                   A       B       C       D       E      F
               +-------+-------+-------+-------+-------+----------------------
         Total | 100.0 | 100.0 |   N/A |   N/A | 100.0 | 102.0
       Dungeon | 100.0 | 100.0 |   N/A |   N/A | 100.0 | 102.0
               +-------+-------+-------+-------+-------+----------------------
